 Dungeon Crawl Stone Soup version 0.20-a0-787-g4ba4951 (webtiles) character file.

10421 pichaelthompson the Slicer (level 11, -7/84 HPs)
             Began as a Demonspawn Berserker on Feb 27, 2017.
             Was a High Priest of Trog.
             Mangled by an orc warrior
             ... wielding a +0 glaive
              (9 damage)
             ... on level 10 of the Dungeon.
             The game lasted 00:47:14 (10181 turns).

pichaelthompson the Slicer (Demonspawn Berserker)  Turns: 10181, Time: 00:47:15

Health: -7/84      AC:  3    Str: 29    XL:     11   Next: 36%
Magic:  11/11      EV: 14    Int: 13    God:    Trog [*****.]
Gold:   132        SH: 11    Dex: 13    Spells: 10/10 levels left

rFire    . . .     SeeInvis .   m - +9 dagger of the Coin {speed, rPois Str+5}
rCold    . . .     Gourm    .   w - +0 leather armour "Juecis" {MR+}
rNeg     + . .     Faith    .   t - +0 shield
rPois    +         Spirit   .   (helmet restricted)
rElec    .         Reflect  .   (no cloak)
rCorr    .         Harm     .   (no gloves)
MR       +....     NoTele   +   (boots unavailable)
Stlth    +.........             (no amulet)
Regen    0.3/turn               (no ring)
MPRegen  0.2/turn               B - ring "Wikuc" {-Tele rN+ Str+5 Int+3 Stlth-}

@: exhausted, slowed, drained, very slow
A: claws 2, horns 1, talons 3, spiny 2
a: Berserk, Trog's Hand, Brothers in Arms, Burn Spellbooks, Renounce Religion


You were on level 10 of the Dungeon.
You worshipped Trog.
Trog was extremely pleased with you.
You were very hungry.

You visited 1 branch of the dungeon, and saw 10 of its levels.
You also visited: Ossuary.

You collected 463 gold pieces.
You spent 331 gold pieces at shops.

Inventory:

Hand Weapons
 m - the +9 dagger of the Coin (weapon) {speed, rPois Str+5}
   (You took it off a gnoll on level 5 of the Dungeon)

   Attacks with this weapon are significantly faster.
   It affects your strength (+5).
   It protects you from poison.
 E - a +6 antimagic dagger
Armour
 b - a +0 plate armour
 r - +0 acid dragon scales
 t - a +0 shield (worn)
 w - the +0 leather armour "Juecis" (worn) {MR+}
   (You found it on level 4 of the Dungeon)

   It affects your resistance to hostile enchantments.
Jewellery
 B - the ring "Wikuc" (left claw) {-Tele rN+ Str+5 Int+3 Stlth-}
   (You found it on level 7 of the Dungeon)

   [ring of loudness]

   It affects your strength (+5).
   It affects your intelligence (+3).
   It protects you from negative energy.
   It prevents most forms of teleportation.
   It makes you less stealthy.
Wands
 a - a wand of polymorph (15/24)
 n - a wand of scattershot (6/9)
 s - a wand of digging (19/24)
 D - a wand of confusion (27/48)
Scrolls
 f - 3 scrolls of fog
 g - 6 scrolls of teleportation
 i - 9 scrolls of remove curse
 k - a scroll of fear
 l - 2 scrolls of brand weapon {unknown}
 x - 3 scrolls of enchant armour
 y - a scroll of recharging
Potions
 d - a potion of haste
 e - 2 potions of mutation
 j - 3 potions of resistance
 o - 7 potions of flight
 p - 3 potions of might
 q - a potion of brilliance
 u - 3 potions of ambrosia
 v - a potion of agility
 z - 7 potions of curing
 A - a potion of invisibility
 C - a potion of experience {unknown}
 F - 2 potions of berserk rage
 I - a potion of heal wounds {unknown}
 J - 2 potions of lignification
Comestibles
 c - 12 bread rations
 h - 8 meat rations


   Skills:
 + Level 7.1 Fighting
 * Level 9.1(9.0) Short Blades
   Level 5.3(5.2) Maces & Flails
 + Level 6.0 Armour
 + Level 6.8 Dodging
 + Level 3.0 Stealth
 + Level 6.9(6.8) Shields


You had 10 spell levels left.
You didn't know any spells.

Dungeon Overview and Level Annotations

Branches:
Dungeon (10/15)            Temple (0/1) D:7            Lair (0/6) D:9
    Orc: D:9-12

Altars:
Gozag
Hepliaklqana
Makhleb
Nemelex Xobeh
Okawaru
Qazlal
Trog
Uskayaw
Vehumet
Wu Jian
Xom
Yredelemnul
The Shining One
Beogh

Shops:
D:6 ?   D:7 (   D:9 **


Innate Abilities, Weirdness & Mutations

You have very sharp fingernails.
You have a pair of small horns on your head.
You have claws for feet.
You are mostly covered in sharp spines.


Message History

Items here: )) [ † a club x2; a leather armour; an orc corpse You block the orc's attack.
The orc warrior hits you from afar with a glaive!!
* * * LOW HITPOINT WARNING * * *
Things that are here:
a trident; a plate armour You block the orc's attack.
Items here: )) [ † a ring mail; a flail of protection; a dagger; an orc corpse You block the orc's attack.
The orc warrior closely misses you.
There is an open door here.
You block the orc warrior's attack. You block the orc warrior's attack.
You see here 22 stones.
The orc warrior hits you from afar with a glaive!
* * * LOW HITPOINT WARNING * * *
The orc warrior hits you from afar with a glaive!
You die...

.########[.........#.........#
## #..>......##.........# #
#..>......##.........# #
#######.####.........# #.....#
#######'### #### ###.##### ###.#
...# ###.).....# #...# ...#
#..)......########'### ...#
##.#.......@.o.##.#########
...###..#.......###o.#.#.......#
...#...##.......# ##.#.#oo.....#
.....####.......# #.'.#oo..$..#
...### #.......# ###o#oooo...#
#### #^......# #.#ooooo..#
#.......# #[#)####### #########
#)oo# #####


You could see 2 orc warriors.

Vanquished Creatures
  A hydra (D:9)
  A two-headed ogre (D:9)
  A skeletal warrior (D:10)
  Pikel (D:6)
  A moth of wrath (shapeshifter) (D:10)
  A centaur skeleton (D:9)
  2 polar bears (D:8)
  A troll (D:9)
  2 hippogriffs (D:8)
  A wyvern (D:10)
  2 yaks (D:8)
  4 vampire mosquitoes (D:10)
  The ghost of notsosimplebreeze the Ruffian, an amateur BaCK of Xom (D:3)
  A hungry ghost (D:9)
  An acid dragon (D:10)
  A water moccasin (D:8)
  A slave (D:6)
  2 orc warriors
  2 black bears
  3 ice beasts
  2 phantoms
  A sky beast (D:9)
  A necrophage (D:7)
  5 ogres
  A wolf (D:8)
  3 centaurs
  A big kobold (D:8)
  8 bullfrogs
  4 water moccasin zombies (Ossuary)
  A wyvern skeleton (D:8)
  3 scorpions (D:10)
  16 killer bees
  A howler monkey (D:5)
  4 wights (D:10)
  5 crimson imps
  A bullfrog zombie (D:6)
  A centaur zombie (D:9)
  3 hounds
  A quasit (D:6)
  3 orc priests
  3 bullfrog skeletons
  2 gnoll shamans
  6 iguanas
  2 orc wizards
  12 worker ants
  A hound skeleton (D:10)
  3 mummies
  12 gnolls
  11 adders
  3 shadow imps
  An ufetubus (D:8)
  An ooze (D:5)
  6 adder zombies (Ossuary)
  2 adder skeletons
  2 worms (D:4)
  A dart slug (D:3)
  5 leopard geckos
  22 orcs
  6 giant cockroaches
  A gnoll zombie (Ossuary)
  8 goblins
  A hobgoblin (D:1)
  14 jackals
  8 kobolds
  2 quokkas
  A ball python (D:7)
  10 bats
  4 frilled lizards
  A giant cockroach zombie (D:6)
  2 hobgoblin zombies (Ossuary)
  4 kobold zombies (Ossuary)
  A leopard gecko skeleton (D:6)
  A leopard gecko zombie (D:5)
  3 orc zombies (Ossuary)
  A quokka simulacrum (D:8)
  2 rats
260 creatures vanquished.

Vanquished Creatures (others)
  3 jackals (D:6)
3 creatures vanquished.

Grand Total: 263 creatures vanquished

Notes
Turn   | Place    | Note
-------+----------+-------------------------------------------
     0 | D:1      | pichaelthompson the Demonspawn Berserker began the quest for the Orb.
     0 | D:1      | Reached XP level 1. HP: 18/18 MP: 1/1
   280 | D:1      | Found a shimmering altar of Xom.
   383 | D:1      | Gained mutation: You have sharp toenails. [demonic ancestry]
   383 | D:1      | Reached XP level 2. HP: 23/24 MP: 2/2
  1093 | D:2      | Reached XP level 3. HP: 28/29 MP: 3/3
  1279 | D:2      | Reached ** piety under Trog
  1381 | D:2      | Found a bloodstained altar of Trog.
  1571 | D:3      | Gained mutation: You are partially covered in sharp spines. [demonic ancestry]
  1571 | D:3      | Reached XP level 4. HP: 21/37 MP: 4/4
  1806 | D:3      | Noticed notsosimplebreeze's ghost (amateur BaCK)
  1828 | D:3      | Killed notsosimplebreeze's ghost
  1828 | D:3      | Gained mutation: You have a pair of small horns on your head. [demonic ancestry]
  1828 | D:3      | Reached XP level 5. HP: 42/42 MP: 5/5
  2375 | D:3      | Found a basalt altar of Yredelemnul.
  2376 | D:3      | Found an iron altar of Okawaru.
  2378 | D:3      | Found a radiant altar of Vehumet.
  2384 | D:3      | Found a stormy altar of Qazlal.
  2384 | D:3      | Found a glowing golden altar of the Shining One.
  2385 | D:3      | Found an ornate altar of the Wu Jian Council.
  2386 | D:3      | Found a hide-covered altar of Uskayaw.
  2389 | D:3      | Found a hazy altar of Hepliaklqana.
  2513 | D:4      | Reached XP level 6. HP: 43/48 MP: 6/6
  2682 | D:4      | Got a smoking leather armour
  2709 | D:4      | Identified the cursed +0 leather armour "Juecis" {MR+} (You found it on level 4 of the Dungeon)
  2761 | D:4      | HP: 3/72 [ogre/giant club (30)]
  2765 | D:4      | Reached skill level 1 in Stealth
  2805 | D:4      | Reached skill level 1 in Shields
  2805 | D:4      | Gained mutation: You are mostly covered in sharp spines. [demonic ancestry]
  2805 | D:4      | Reached XP level 7. HP: 11/54 MP: 7/7
  3055 | D:4      | Reached skill level 5 in Maces & Flails
  3210 | D:5      | Entered Level 5 of the Dungeon
  3323 | D:5      | Got a polished dagger {speed}
  3324 | D:5      | Identified the +9 dagger of the Coin {speed, rPois Str+5} (You took it off a gnoll on level 5 of the Dungeon)
  3373 | D:5      | Reached *** piety under Trog
  3705 | D:5      | Reached skill level 1 in Short Blades
  4077 | D:6      | Found a sand-covered staircase.
  4085 | Ossuary  | Entered an ossuary
  4305 | Ossuary  | Gained mutation: You have razor-sharp toenails. [demonic ancestry]
  4305 | Ossuary  | Reached XP level 8. HP: 58/60 MP: 8/8
  4329 | Ossuary  | Reached skill level 2 in Short Blades
  4467 | D:6      | Reached skill level 3 in Short Blades
  4476 | D:6      | Reached **** piety under Trog
  4900 | D:6      | Found Jimuxoeh's Magic Scroll Boutique.
  4924 | D:6      | Bought a scroll of identify for 24 gold pieces
  4924 | D:6      | Bought a scroll of enchant armour for 90 gold pieces
  5051 | D:6      | Reached skill level 4 in Short Blades
  5230 | D:6      | Noticed Pikel
  5253 | D:6      | Killed Pikel
  5556 | D:6      | Reached skill level 5 in Short Blades
  5562 | D:6      | Gained mutation: You have claws for feet. [demonic ancestry]
  5562 | D:6      | Reached XP level 9. HP: 66/66 MP: 9/9
  5840 | D:7      | Got a serpentine marble ring
  5841 | D:7      | Identified the ring "Wikuc" {-Tele rN+ Str+5 Int+3 Stlth-} (You found it on level 7 of the Dungeon)
  6053 | D:7      | Found a staircase to the Ecumenical Temple.
  6159 | D:7      | Reached skill level 5 in Fighting
  6194 | D:7      | Found Muamesuf's Antique Weapon Shoppe.
  6317 | D:7      | Reached skill level 6 in Short Blades
  6585 | D:7      | Found a burning altar of Makhleb.
  6586 | D:7      | Found a shimmering altar of Xom.
  6708 | D:8      | Reached skill level 5 in Dodging
  6845 | D:8      | Received a gift from Trog
  7036 | D:8      | Reached skill level 5 in Armour
  7076 | D:8      | Found a sparkling altar of Nemelex Xobeh.
  7076 | D:8      | Found an opulent altar of Gozag.
  7153 | D:8      | Noticed a polar bear
  7159 | D:8      | Killed a polar bear
  7159 | D:8      | Reached skill level 7 in Short Blades
  7159 | D:8      | Gained mutation: You have sharp fingernails. [demonic ancestry]
  7159 | D:8      | Reached XP level 10. HP: 69/76 MP: 10/10
  7607 | D:8      | Received a gift from Trog
  7895 | D:9      | Found Rumnykust's Assorted Antiques.
  7930 | D:9      | Bought a scroll of identify for 50 gold pieces
  7930 | D:9      | Bought a scroll labeled BOIFENK DIGA for 25 gold pieces
  7930 | D:9      | Bought a scroll of identify for 50 gold pieces
  7930 | D:9      | Bought a sapphire potion for 22 gold pieces
  7930 | D:9      | Bought 2 bubbling inky potions for 45 gold pieces
  7930 | D:9      | Bought a scroll labeled NANAR LYES for 25 gold pieces
  8316 | D:9      | Noticed a two-headed ogre
  8324 | D:9      | Killed a two-headed ogre
  8324 | D:9      | Reached skill level 5 in Shields
  8356 | D:9      | Found a shimmering altar of Xom.
  8430 | D:9      | Reached ***** piety under Trog
  8446 | D:9      | Noticed a five-headed hydra
  8453 | D:9      | Killed a five-headed hydra
  8453 | D:9      | Reached skill level 8 in Short Blades
  8758 | D:9      | Found a staircase to the Lair.
  8837 | D:9      | Found Oquoj's General Store.
  9038 | D:10     | Entered Level 10 of the Dungeon
  9107 | D:10     | Gained mutation: You have very sharp fingernails. [demonic ancestry]
  9107 | D:10     | Reached XP level 11. HP: 83/83 MP: 11/11
  9519 | D:10     | Noticed a skeletal warrior
  9553 | D:10     | Received a gift from Trog
  9586 | D:10     | Killed a skeletal warrior
  9768 | D:10     | Reached skill level 9 in Short Blades
 10135 | D:10     | Found a roughly hewn altar of Beogh.
 10179 | D:10     | HP: 1/84 [orc warrior/glaive (17)]
 10181 | D:10     | Mangled by an orc warrior

Vault maps used:
D:1:      sevenhm_arrival_forest_fort_large_2, xom_teletrap_fun
D:2:      bloody_trog
D:3:      minitemple, kennysheep_big_empty_room
D:4:      first_bread
D:5:      nrook_loot_triangle, kennysheep_generic_room_16
D:6:      gup_ossuary_entry_pyramid, serial_shops,
          nicolae_shop_competitors_out_of_business, wad_rectangle_vault,
          uniq_pikel
D:7:      grunt_temple_overflow_champion_of_chaos,
          minmay_temple_entry_crystal_x, serial_shops,
          nicolae_shop_temple_entry_statues_fountains, grunt_ogre_cave,
          serial_bayou_crossing
D:8:      grunt_temple_overflow_opulence, serial_ice, serial_ice_a,
          serial_ice_k, serial_ice_m, serial_ice_b
D:9:      dpeg_oklobed_lair, serial_shops, nicolae_shop_crystal,
          nicolae_shop_waterfront, basic_altar
D:10:     special_room, grunt_tough_drop
Ossuary:  ossuary_tomb_2

Skill      XL: |  1  2  3  4  5  6  7  8  9 10 11 |
---------------+----------------------------------+-----
Dodging        | 2 3 4 5 6 |  6.8
Armour         | 2 3 4 5 6 |  6.0
Maces & Flails | 3 4 5 |  5.3
Fighting       | 4 5 6 7 |  7.1
Stealth        | 1 2 3 |  3.0
Shields        | 1 2 3 4 6 |  6.9
Short Blades   | 1 5 7 8 9 |  9.1

Action                   |  1- 3 |  4- 6 |  7- 9 | 10-12 || total
-------------------------+-------+-------+-------+-------++-------
Melee: Mace              |    84 |       |       |       ||    84
       Kick              |    12 |    19 |   103 |   115 ||   249
       Flail             |       |    65 |    15 |       ||    80
       Headbutt          |       |     8 |    62 |    60 ||   130
       Dagger            |       |       |   292 |   253 ||   545
Invok: Berserk           |     1 |     2 |     5 |     4 ||    12
       Burn Spellbooks   |     1 |       |     1 |     1 ||     3
  Use: Scroll            |       |     5 |    10 |    10 ||    25
  Eat: Chunk             |     3 |     6 |     9 |    10 ||    28
       Fruit             |       |       |     4 |       ||     4
       Royal jelly       |       |       |     2 |     2 ||     4
Armor: Animal skin       |    11 |       |       |       ||    11
       Ring mail         |    17 |    28 |       |       ||    45
       Leather armour    |       |     1 |    26 |     8 ||    35
Dodge: Dodged            |    77 |    33 |   100 |    84 ||   294
Block: Shield            |       |    24 |   124 |   106 ||   254
